 Dungeon Crawl Stone Soup version 0.30-a0-169-g06f667207d (webtiles) character file.

Game seed: 10325253651880820942

67 qw the Chopper (level 4, -1/28 HPs)
             Began as a Gargoyle Fighter on Sept 29, 2022.
             Slain by Sigmund
             ... wielding a +0 scythe
              (5 damage)
             ... on level 2 of the Dungeon.
             The game lasted 00:00:38 (1451 turns).

qw the Chopper (Gargoyle Fighter)                   Turns: 1451, Time: 00:00:38

Health: -1/28      AC: 17    Str: 22    XL:     4   Next: 16%
Magic:  4/4        EV:  9    Int:  8    God:
Gold:   50         SH:  4    Dex:  9    Spells: 3/3 levels left

rFire   . . .      SeeInvis .    Y - +0 war axe
rCold   . . .      Faith    .    c - +0 buckler
rNeg    + + .      Spirit   .    i - +0 pearl dragon scales
rPois   inf        Reflect  .    e - +2 hat
rElec   +          Harm     .    (no cloak)
rCorr   .          Rampage  .    (no gloves)
Will    .....                    (no boots)
Stlth   ..........               (no amulet)
HPRegen 0.09/turn                (no ring)
MPRegen 0.09/turn                (no ring)

@: attractive
A: sickness immunity, AC +3, negative energy resistance 1, electricity
resistance, torment resistance 1, petrification resistance
a: no special abilities


You were on level 2 of the Dungeon.
You visited 1 branch of the dungeon, and saw 2 of its levels.

You collected 50 gold pieces.


Innate Abilities, Weirdness & Mutations

You are immune to sickness and miasma.
Your stone body is resilient. (AC +3)
You are immune to poison.
You resist negative energy. (rN+)
You are resistant to electric shocks. (rElec)
You are resistant to unholy torment.
You are immune to petrification.


   Skills:
 - Level 3.2 Fighting
 + Level 3.9 Axes
 - Level 3.2 Armour
 - Level 3.2 Shields


You had 3 spell levels left.
You didn't know any spells.
Your spell library was empty.

Inventory:

Hand Weapons
 g - a +0 flail
 Y - a +0 war axe (weapon)
Armour
 c - a +0 buckler (worn)
 e - a +2 hat (worn)
 i - +0 pearl dragon scales (worn)
Scrolls
 a - a scroll of identify
Potions
 b - a potion of brilliance {unknown}
 d - a potion of might
 h - a potion of mutation {unknown}
 k - a potion of curing
 l - a potion of attraction
 m - a potion of cancellation {unknown}

Dungeon Overview and Level Annotations

Branches:
Dungeon (2/15)

Altars:

Annotations:
D:2 Sigmund


Message History

You climb upwards.
Reactivating autopickup.
There is a stone staircase leading down here.
You start resting.
HP restored.
Done exploring.
1443 ||| READING scroll labelled NOASKI VULAAGOO.
As you read the scroll labelled NOASKI VULAAGOO, it crumbles to dust.
You feel momentarily disoriented.
It was a scroll of magic mapping.
Done exploring.
1444 ||| DRINKING 2 green potions.
It was a potion of attraction.
You feel attractive to monsters.
Done exploring.
(D) Dungeon
Where to? (* - list waypoints, Enter - D:2, ? - help)
What level of the Dungeon? (default 1, ? - help)
You climb downwards.
Level annotation: Sigmund The rat barely misses you.
Sigmund is attracted toward you.
There is a stone staircase leading up here.
There are monsters nearby!
You slash Sigmund!
Sigmund is moderately wounded.
You hit the rat.
You kill the rat!
Sigmund hits you but does no damage.
You closely miss Sigmund.
Sigmund is moderately wounded.
Sigmund hits you with a +0 scythe.
You closely miss Sigmund.
Sigmund is moderately wounded.
Sigmund hits you with a +0 scythe!
You closely miss Sigmund.
Sigmund is moderately wounded.
Sigmund points at you and mumbles some strange words.
The puff of flame hits you!
You hit Sigmund.
Sigmund is moderately wounded.
Sigmund hits you with a +0 scythe.
You die...

##....................#..####.#
...(......#.###............##.#
###.###.#.#.(..........[...##..
#. #.#...%....................
#. #.###..)###.....#.....##.##
#.........#.#...###...# #
######...(.............. .
..........@..#####........
.###.....@...# ........
#........## ... #.#.......#
#..##.###...# #.# #.. #.#.# #.
##. ...... ...#.. ..##.


You could see Sigmund.

Vanquished Creatures
  A gnoll (D:1)
  An adder (D:2)
  3 dart slugs
  7 ball pythons
  2 endoplasms (D:1)
  2 giant cockroaches (D:1)
  5 hobgoblins
  A kobold (D:1)
  4 quokkas
  3 bats (D:1)
  4 frilled lizards (D:1)
  3 goblins
  4 rats
40 creatures vanquished.

Notes
Turn   | Place    | Note
-------+----------+-------------------------------------------
     0 | D:1      | qw the Gargoyle Fighter began the quest for the Orb.
     0 | D:1      | Reached XP level 1. HP: 14/14 MP: 1/1
     0 | D:1      | 0 ||| qw: Version: 0.2-a-12-gaebbb33
     0 | D:1      | 0 ||| qw: Game counter: 1291
     0 | D:1      | 0 ||| qw: Always use a shield: true
     0 | D:1      | 0 ||| qw: God list: Okawaru
     0 | D:1      | 0 ||| qw: Allow faded altars: false
     0 | D:1      | 0 ||| qw: Do Orc after D:15 true
     0 | D:1      | 0 ||| qw: Do second Lair branch before Depths: true
     0 | D:1      | 0 ||| qw: Lair rune preference: random
     0 | D:1      | 0 ||| qw: Plans: Normal, Zot:1-4, God:TSO, Crypt, Tomb,
                  | Pan, Slime:5, Hells, Abyss, Orb
     0 | D:1      | 0 ||| PLANNING D:1-11
   358 | D:1      | Reached XP level 2. HP: 8/19 MP: 2/2
   559 | D:1      | 559 ||| Stepping ~*~*~tactically~*~*~ (hiding).
   602 | D:1      | Reached skill level 3 in Axes
   646 | D:1      | Reached XP level 3. HP: 23/23 MP: 3/3
   864 | D:1      | 864 ||| Stepping ~*~*~tactically~*~*~ (stealth).
   870 | D:1      | 870 ||| Stepping ~*~*~tactically~*~*~ (stealth).
  1144 | D:1      | 1144 ||| UPGRADING to +2 hat.
  1149 | D:1      | 1149 ||| UPGRADING to +0 pearl dragon scales.
  1159 | D:1      | 1159 ||| DROPPING +0 scale mail.
  1160 | D:1      | 1160 ||| DROPPING amulet of faith.
  1161 | D:1      | 1161 ||| READING 3 scrolls labelled WEASOO DOMI.
  1162 | D:1      | 1162 ||| READING scroll labelled QITTEH ULIXI.
  1163 | D:1      | 1163 ||| READING 2 scrolls of identify.
  1163 | D:1      | 1163 ||| IDENTIFYING amethyst potion
  1191 | D:2      | 1191 ||| STAIRDANCE
  1207 | D:2      | 1207 ||| Stepping ~*~*~tactically~*~*~ (stealth).
  1218 | D:2      | Reached XP level 4. HP: 28/28 MP: 4/4
  1249 | D:2      | Found a faded altar of an unknown god.
  1284 | D:2      | 1284 ||| DROPPING +0 club.
  1310 | D:2      | 1310 ||| DROPPING +0 mace.
  1324 | D:2      | Noticed Sigmund
  1325 | D:2      | 1325 ||| Stepping ~*~*~tactically~*~*~ (hiding).
  1326 | D:2      | 1326 ||| Stepping ~*~*~tactically~*~*~ (hiding).
  1334 | D:2      | 1334 ||| FLEEEEING.
  1335 | D:2      | 1335 ||| FLEEEEING.
  1336 | D:2      | 1336 ||| FLEEEEING.
  1337 | D:2      | 1337 ||| FLEEEEING.
  1338 | D:2      | 1338 ||| FLEEEEING.
  1339 | D:2      | 1339 ||| FLEEEEING.
  1340 | D:2      | 1340 ||| FLEEEEING.
  1342 | D:2      | 1342 ||| FLEEEEING.
  1343 | D:2      | 1343 ||| FLEEEEING.
  1344 | D:2      | 1344 ||| FLEEEEING.
  1345 | D:2      | 1345 ||| FLEEEEING.
  1346 | D:2      | 1346 ||| FLEEEEING.
  1347 | D:2      | 1347 ||| FLEEEEING.
  1348 | D:2      | 1348 ||| FLEEEEING.
  1349 | D:2      | 1349 ||| FLEEEEING.
  1350 | D:2      | 1350 ||| FLEEEEING.
  1351 | D:2      | 1351 ||| FLEEEEING.
  1352 | D:2      | 1352 ||| FLEEEEING.
  1353 | D:2      | 1353 ||| FLEEEEING.
  1354 | D:2      | 1354 ||| FLEEEEING.
  1355 | D:2      | 1355 ||| FLEEEEING.
  1356 | D:2      | 1356 ||| FLEEEEING.
  1357 | D:2      | 1357 ||| FLEEEEING.
  1358 | D:2      | 1358 ||| FLEEEEING.
  1359 | D:2      | 1359 ||| FLEEEEING.
  1360 | D:2      | 1360 ||| FLEEEEING.
  1361 | D:2      | 1361 ||| FLEEEEING.
  1362 | D:2      | 1362 ||| FLEEEEING.
  1363 | D:2      | 1363 ||| STAIRDANCE
  1443 | D:1      | 1443 ||| READING scroll labelled NOASKI VULAAGOO.
  1444 | D:1      | 1444 ||| DRINKING 2 green potions.
  1450 | D:2      | HP: 3/28 [Sigmund/puff of flame (11)]
  1451 | D:2      | Slain by Sigmund

Levels and vault maps discovered:
D:1:      co_arrival_square_in_a_square_in_a_square, layout_loops_ring
D:2:      layout_rooms, chequers_ecumenical_altar_simple,
          nicolae_shop_unique_rings, uniq_terence, uniq_sigmund

Skill      XL: |  1  2 |
---------------+-------+-----
Axes           | 2 3 |  3.9
Fighting       | |  3.2
Armour         | |  3.2
Shields        | |  3.2

Action                   |  1- 3 |  4- 6 || total
-------------------------+-------+-------++-------
Melee: War axe           |    94 |    24 ||   118
  Use: Scroll            |     3 |     1 ||     4
       Potion            |       |     1 ||     1
Armor: Scale mail        |    31 |       ||    31
       Pearl dragon scal |     7 |    16 ||    23
Dodge: Dodged            |    56 |     4 ||    60
Block: Buckler           |    24 |     4 ||    28

Table legend:
 A = Non-vault XP
 B = Vault XP
 C = Vault XP percentage of total XP
 D = Non-vault monster count
 E = Vault monster count
 F = Vault count percentage of total count
                 A         B        C        D         E       F
            +---------+---------+-------+---------+---------+-------
      Total |      96 |       0 |   0.0 |      40 |       0 |   0.0
            +---------+---------+-------+---------+---------+-------
        D:1 |      64 |       0 |   0.0 |      29 |       0 |   0.0
        D:2 |      32 |       0 |   0.0 |      11 |       0 |   0.0
            +---------+---------+-------+---------+---------+-------
